PBL
ROSWELL INVADERS @ HOUSTON COLT .45'S
10/12/2049
 
TOP OF THE 1ST
Amarillo ThunderHeads batting - Pitching for Tijuana Toros : LHP Jose Fuentes
Pitching: LHP Jose Fuentes
Batting: RHB Mike Trujillo 0-0: Ball
1-0: SINGLE (Flyball, 78S, EV 97.5 MPH)
Batting: RHB Marços Berto 0-0: Called Strike
0-1: Ball
1-1: Grounds into double play, 6-4-3 (Groundball, 6D, EV 96.9 MPH)
Batting: RHB Kisho Ito 0-0: Ball
1-0: Called Strike
1-1: Called Strike
1-2: DOUBLE (Flyball, 8RD, EV 99.4 MPH)
Batting: RHB Luis Mendoza 0-0: Called Strike
0-1: Ball
1-1: Fly out, F8 (Line Drive, 8RM, EV 102.5 MPH)
Top of the 1st over - 0 runs, 2 hits, 0 errors, 1 left on base; Amarillo 0 - Tijuana 0
BOTTOM OF THE 1ST
Tijuana Toros batting - Pitching for Amarillo ThunderHeads : RHP Mario Lopez
Pitching: RHP Mario Lopez
Batting: LHB James Betron 0-0: Ball
1-0: Ball
2-0: Foul Ball, location: 2F
2-1: DOUBLE (Flyball, 78D, EV 101.9 MPH)
Batting: RHB Eduardo Arias 0-0: Ground out 5-3 (Groundball, 56S, EV 67.5 MPH)
James Betron to third
Batting: LHB Miguel Medina 0-0: Ball
1-0: Ball
2-0: Called Strike
2-1: Ball
3-1: Base on Balls
Batting: LHB Ricardo Rosales 0-0: Ball
1-0: Fielders Choice at 2nd, 5-4 (Groundball, 56, EV 101.3 MPH)
James Betron scores
Batting: RHB Mike Dodson 0-0: Called Strike
Ricardo Rosales steals 2nd base
0-1: Ball
1-1: Ball
2-1: Ground out U3 (Groundball, 34, EV 85.6 MPH)
Bottom of the 1st over - 1 run, 1 hit, 0 errors, 1 left on base; Amarillo 0 - Tijuana 1
TOP OF THE 2ND
Amarillo ThunderHeads batting - Pitching for Tijuana Toros : LHP Jose Fuentes
Batting: LHB Javy Cisneros 0-0: Ball
1-0: Ball
2-0: Called Strike
2-1: Foul Ball, location: 2F
2-2: Ball
3-2: Ground out 4-3 (Groundball, 4, EV 85.6 MPH)
Batting: SHB Manny Morales 0-0: Called Strike
0-1: Ground out U3 (Groundball, 3, EV 88.8 MPH)
Batting: LHB Takeo Nishiguchi 0-0: Foul Ball, location: 2F
0-1: Called Strike
0-2: Strikes out swinging
Top of the 2nd over - 0 runs, 0 hits, 0 errors, 0 left on base; Amarillo 0 - Tijuana 1
BOTTOM OF THE 2ND
Tijuana Toros batting - Pitching for Amarillo ThunderHeads : RHP Mario Lopez
Batting: RHB Leo Garza 0-0: Ball
1-0: Called Strike
1-1: Ball
2-1: SINGLE (Groundball, 6MD, EV 103.8 MPH)
Batting: LHB Tomoshi Ueda 0-0: Foul Ball, location: 2F
0-1: Swinging Strike
0-2: Ball
1-2: Ball
2-2: Strikes out swinging
Batting: RHB Juan Hernandez 0-0: Ball
1-0: Grounds into double play, 6-4-3 (Groundball, 6, EV 83.8 MPH)
Bottom of the 2nd over - 0 runs, 1 hit, 0 errors, 0 left on base; Amarillo 0 - Tijuana 1
TOP OF THE 3RD
Amarillo ThunderHeads batting - Pitching for Tijuana Toros : LHP Jose Fuentes
Batting: RHB Milion Kahangi 0-0: Ball
1-0: Called Strike
1-1: Fly out, F3 (Popup, 3SF, EV 86.9 MPH)
Batting: RHB Mario Lopez 0-0: Foul Ball, location: 2F
0-1: Swinging Strike
0-2: Ball
1-2: Strikes out swinging
Batting: RHB Mike Trujillo 0-0: Fly out, F8 (Flyball, 89D, EV 91.3 MPH)
Top of the 3rd over - 0 runs, 0 hits, 0 errors, 0 left on base; Amarillo 0 - Tijuana 1
BOTTOM OF THE 3RD
Tijuana Toros batting - Pitching for Amarillo ThunderHeads : RHP Mario Lopez
Batting: LHB Jose Fuentes 0-0: Ground out 5-3 (Groundball, 56, EV 108.8 MPH)
Batting: LHB James Betron 0-0: Ball
1-0: Ball
2-0: SINGLE (Groundball, 34, EV 100.6 MPH)
Batting: RHB Eduardo Arias 0-0: Called Strike
0-1: Ball
1-1: Grounds into double play, 6-4-3 (Groundball, 6, EV 85.6 MPH)
Bottom of the 3rd over - 0 runs, 1 hit, 0 errors, 0 left on base; Amarillo 0 - Tijuana 1
TOP OF THE 4TH
Amarillo ThunderHeads batting - Pitching for Tijuana Toros : LHP Jose Fuentes
Batting: RHB Marços Berto 0-0: Swinging Strike
0-1: Fly out, F9 (Flyball, 9S, EV 85.0 MPH)
Batting: RHB Kisho Ito 0-0: Swinging Strike
0-1: Ball
1-1: Ball
2-1: Foul Ball, location: 2F
2-2: Ball
3-2: Ground out 6-3 (Groundball, 6, EV 88.1 MPH)
Batting: RHB Luis Mendoza 0-0: Called Strike
0-1: Ball
1-1: Foul Ball, location: 2F
1-2: Fly out, F6 (Popup, 6, EV 69.4 MPH)
Top of the 4th over - 0 runs, 0 hits, 0 errors, 0 left on base; Amarillo 0 - Tijuana 1
BOTTOM OF THE 4TH
Tijuana Toros batting - Pitching for Amarillo ThunderHeads : RHP Mario Lopez
Batting: LHB Miguel Medina 0-0: Ball
1-0: Called Strike
1-1: Foul Ball, location: 2F
1-2: Ball
2-2: SINGLE (Line Drive, 3D, EV 101.9 MPH)
Batting: LHB Ricardo Rosales 0-0: Ball
1-0: Ball
2-0: Ground out 3-1 (Groundball, 34S, EV 90.6 MPH)
Miguel Medina to second
Batting: RHB Mike Dodson 0-0: Swinging Strike
0-1: Ground out 6-3 (Groundball, 6, EV 83.8 MPH)
Batting: RHB Leo Garza 0-0: Swinging Strike
0-1: Ball
1-1: Ball
2-1: Foul Ball, location: 2F
2-2: Foul Ball, location: 2F
2-2: Ball
3-2: Fly out, F9 (Flyball, 89M, EV 91.3 MPH)
Bottom of the 4th over - 0 runs, 1 hit, 0 errors, 1 left on base; Amarillo 0 - Tijuana 1
TOP OF THE 5TH
Amarillo ThunderHeads batting - Pitching for Tijuana Toros : LHP Jose Fuentes
Batting: LHB Javy Cisneros 0-0: Foul Ball, location: 2F
0-1: Foul Ball, location: 2F
0-2: Ball
1-2: Fly out, F8 (Flyball, 8LD, EV 76.3 MPH)
Batting: SHB Manny Morales 0-0: Called Strike
0-1: Ball
1-1: Ball
2-1: Ball
3-1: Ground out 5-3 (Groundball, 5, EV 85.0 MPH)
Batting: LHB Takeo Nishiguchi 0-0: Ground out 5-3 (Groundball, 5, EV 82.5 MPH)
Top of the 5th over - 0 runs, 0 hits, 0 errors, 0 left on base; Amarillo 0 - Tijuana 1
BOTTOM OF THE 5TH
Tijuana Toros batting - Pitching for Amarillo ThunderHeads : RHP Mario Lopez
Batting: LHB Tomoshi Ueda 0-0: Ball
1-0: Ball
2-0: Foul Ball, location: 2F
2-1: Ball
3-1: Ground out U3 (Groundball, 3L, EV 95.6 MPH)
Batting: RHB Juan Hernandez 0-0: Ball
1-0: Ball
2-0: Ball
3-0: Base on Balls
Batting: LHB Jose Fuentes 0-0: Ball
1-0: Bunted foul
1-1: Bunted foul
1-2: Sac Bunt to 2L - play at first, batter OUT! 2-4
Juan Hernandez to second
Batting: LHB James Betron 0-0: Intentional Walk
Batting: RHB Eduardo Arias 0-0: Called Strike
0-1: Ground out 5-3 (Groundball, 56S, EV 77.5 MPH)
Bottom of the 5th over - 0 runs, 0 hits, 0 errors, 2 left on base; Amarillo 0 - Tijuana 1
TOP OF THE 6TH
Amarillo ThunderHeads batting - Pitching for Tijuana Toros : LHP Jose Fuentes
Batting: RHB Milion Kahangi 0-0: SINGLE (Line Drive, 78S, EV 91.9 MPH)
Batting: RHB Mario Lopez 0-0: Bunted foul
0-1: Sac Bunt to 2L - play at first, batter OUT! 2-4
Milion Kahangi to second
Batting: RHB Mike Trujillo 0-0: Ball
1-0: Fly out, F7 (Flyball, 7LM, EV 96.3 MPH)
Batting: RHB Marços Berto 0-0: Ball
1-0: Foul Ball, location: 2F
1-1: Called Strike
1-2: Foul Ball, location: 2F
1-2: Fly out, F7 (Flyball, 7LMF, EV 81.3 MPH)
Top of the 6th over - 0 runs, 1 hit, 0 errors, 1 left on base; Amarillo 0 - Tijuana 1
BOTTOM OF THE 6TH
Tijuana Toros batting - Pitching for Amarillo ThunderHeads : RHP Mario Lopez
Batting: LHB Miguel Medina 0-0: Ball
1-0: Foul Ball, location: 2F
1-1: Swinging Strike
1-2: Ball
2-2: Foul Ball, location: 2F
2-2: Foul Ball, location: 2F
2-2: Strikes out swinging
Batting: LHB Ricardo Rosales 0-0: Fly out, F7 (Flyball, 7S, EV 86.9 MPH)
Batting: RHB Mike Dodson 0-0: Swinging Strike
0-1: Ball
1-1: Called Strike
1-2: Strikes out swinging
Bottom of the 6th over - 0 runs, 0 hits, 0 errors, 0 left on base; Amarillo 0 - Tijuana 1
TOP OF THE 7TH
Amarillo ThunderHeads batting - Pitching for Tijuana Toros : LHP Jose Fuentes
Pitching: RHP Tony Johnson
Batting: RHB Kisho Ito 0-0: SINGLE (Line Drive, 8LS, EV 97.5 MPH)
Batting: RHB Luis Mendoza 0-0: Ball
1-0: Swinging Strike
1-1: 2-RUN HOME RUN (Flyball, 7D, EV 113.1 MPH), Distance : 374 ft
Batting: LHB Javy Cisneros 0-0: Called Strike
0-1: Swinging Strike
0-2: Ball
1-2: Strikes out swinging
Batting: SHB Manny Morales 0-0: Called Strike
0-1: SINGLE (Line Drive, 7LS, EV 90.6 MPH)
Batting: LHB Takeo Nishiguchi 0-0: Fly out, F8 (Flyball, 8RD, EV 93.1 MPH)
Batting: RHB Milion Kahangi 0-0: Called Strike
0-1: Foul Ball, location: 2F
0-2: Ball
1-2: Foul Ball, location: 2F
1-2: Strikes out swinging
Top of the 7th over - 2 runs, 3 hits, 0 errors, 1 left on base; Amarillo 2 - Tijuana 1
BOTTOM OF THE 7TH
Tijuana Toros batting - Pitching for Amarillo ThunderHeads : RHP Mario Lopez
Batting: RHB Leo Garza 0-0: Ball
1-0: Called Strike
1-1: Foul Ball, location: 2F
1-2: Ball
2-2: Strikes out looking
Batting: LHB Tomoshi Ueda 0-0: Swinging Strike
0-1: Ground out 5-3 (Groundball, 56, EV 108.8 MPH)
Batting: RHB Juan Hernandez 0-0: Swinging Strike
0-1: Foul Ball, location: 2F
0-2: Strikes out swinging
Bottom of the 7th over - 0 runs, 0 hits, 0 errors, 0 left on base; Amarillo 2 - Tijuana 1
TOP OF THE 8TH
Amarillo ThunderHeads batting - Pitching for Tijuana Toros : RHP Tony Johnson
Batting: RHB Mario Lopez 0-0: Ground out 1-3 (Groundball, P, EV 70.0 MPH)
Batting: RHB Mike Trujillo 0-0: Called Strike
0-1: Ball
1-1: Ball
2-1: Ball
3-1: Base on Balls
Batting: RHB Marços Berto 0-0: Called Strike
Mike Trujillo steals 2nd base
0-1: Ball
1-1: Foul Ball, location: 2F
1-2: Ground out 1-3 (Groundball, 15S, EV 71.9 MPH)
Batting: RHB Kisho Ito 0-0: Fly out, F3 (Popup, 3, EV 61.9 MPH)
Top of the 8th over - 0 runs, 0 hits, 0 errors, 1 left on base; Amarillo 2 - Tijuana 1
BOTTOM OF THE 8TH
Tijuana Toros batting - Pitching for Amarillo ThunderHeads : RHP Mario Lopez
Pinch Hitting: LHB Dave Lotts 0-0: Called Strike
0-1: Fly out, F8 (Flyball, 8RM, EV 89.4 MPH)
Batting: LHB James Betron 0-0: Ball
1-0: Called Strike
1-1: SINGLE (Groundball, 6MD, EV 107.5 MPH)
Batting: RHB Eduardo Arias 0-0: Ball
1-0: Foul Ball, location: 2F
1-1: Ball
2-1: Foul Ball, location: 2F
2-2: Strikes out looking
Batting: LHB Miguel Medina 0-0: Called Strike
0-1: SINGLE (Line Drive, 9S, EV 91.3 MPH)
James Betron to second
Runner from 2nd tries for 3rd, SAFE, throw by RF made to third
Pinch Hitting: RHB Billy Valadez 0-0: Foul Ball, location: 2F
0-1: Ball
1-1: Foul Ball, location: 2F
1-2: Strikes out swinging
Bottom of the 8th over - 0 runs, 2 hits, 0 errors, 2 left on base; Amarillo 2 - Tijuana 1
TOP OF THE 9TH
Amarillo ThunderHeads batting - Pitching for Tijuana Toros : RHP Tony Johnson
Pitching: LHP Francisco Flores
Now in RF: Billy Valadez
Batting: RHB Luis Mendoza 0-0: Ball
1-0: Called Strike
1-1: SOLO HOME RUN (Flyball, 7D, EV 110.0 MPH), Distance : 385 ft
Batting: LHB Javy Cisneros 0-0: Called Strike
0-1: Fly out, F8 (Line Drive, 8RD, EV 91.9 MPH)
Batting: SHB Manny Morales 0-0: Called Strike
0-1: Foul Ball, location: 2F
0-2: Ball
1-2: Foul Ball, location: 2F
1-2: Ground out 6-3 (Groundball, 6, EV 93.8 MPH)
Batting: LHB Takeo Nishiguchi 0-0: Ball
1-0: Foul Ball, location: 2F
1-1: Called Strike
1-2: Strikes out swinging
Top of the 9th over - 1 run, 1 hit, 0 errors, 0 left on base; Amarillo 3 - Tijuana 1
BOTTOM OF THE 9TH
Tijuana Toros batting - Pitching for Amarillo ThunderHeads : RHP Mario Lopez
Batting: RHB Mike Dodson 0-0: Foul Ball, location: 2F
0-1: Ball
1-1: Ball
2-1: Ball
3-1: Called Strike
3-2: Foul Ball, location: 2F
3-2: Base on Balls
Batting: RHB Leo Garza 0-0: Called Strike
0-1: Foul Ball, location: 2F
0-2: Ball
1-2: Foul Ball, location: 2F
1-2: Foul Ball, location: 2F
1-2: Foul Ball, location: 2F
1-2: Fly out, F8 (Flyball, 8RM, EV 91.9 MPH)
Batting: LHB Tomoshi Ueda 0-0: Fielders Choice at 2nd, 1-6 (Groundball, 34S, EV 86.9 MPH)
Pinch Hitting: LHB Cesar Gutierrez 0-0: Called Strike
0-1: Ball
1-1: Fly out, F8 (Flyball, 8LS, EV 83.1 MPH)
Bottom of the 9th over - 0 runs, 0 hits, 0 errors, 1 left on base; Amarillo 3 - Tijuana 1
Sunday, July 16th , 2023 - OOTP Baseball 24.6 Build 69